 Dungeon Crawl Stone Soup version 0.28.0-1-gb440e238dd (webtiles) character file.

Game seed: 6138302369240050569

2536 sanka the Transmogrifier (level 9, 0/63 HPs)
             Began as a Merfolk Conjurer on Feb 21, 2022.
             Was a Follower of Uskayaw.
             Slain by an orc knight (23 damage)
             ... in a bailey.
             The game lasted 00:18:19 (10640 turns).

sanka the Transmogrifier (Merfolk Conjurer)        Turns: 10640, Time: 00:18:20

Health: 0/63       AC:  4    Str:  7    XL:     9   Next: 55%
Magic:  15/15      EV: 22    Int: 17    God:    Uskayaw [*.....]
Gold:   816        SH:  0    Dex: 17    Spells: 1/16 levels left

rFire   . . .      SeeInvis .   a - +1 short sword (drain)
rCold   . . .      Faith    .   (no shield)
rNeg    . . .      Spirit   .   f - +0 robe
rPois   .          Reflect  .   r - +0 helmet
rElec   .          Harm     .   u - scarf {+Inv}
rCorr   +          Rampage  .   e - +0 pair of gloves
Will    .....                   (boots currently unavailable)
Stlth   +++.......              (no amulet)
HPRegen 0.20/turn               x - ring of resist corrosion
MPRegen 0.14/turn               (no ring)

@: very quick
A: nimble swimmer 2, mertail
a: Renounce Religion, Evoke Invisibility, Stomp


You were in a bailey.
You worshipped Uskayaw.
Uskayaw was noncommittal.
You visited 1 branch of the dungeon, and saw 7 of its levels.
You also visited: Bailey.

You collected 816 gold pieces.

Inventory:

Hand Weapons
 a - a +1 short sword of draining (weapon)
Missiles
 k - 9 boomerangs
 z - 2 throwing nets
Armour
 e - a +0 pair of gloves (worn)
 f - a +0 robe (worn)
 n - a +0 pair of boots (melded)
 r - a +0 helmet (worn)
 u - a scarf of invisibility (worn)
Magical Staves
 h - a staff of fire
Jewellery
 o - an amulet of magic regeneration
 x - a ring of resist corrosion (left hand)
Wands
 s - a wand of flame (17)
Scrolls
 c - 2 scrolls of teleportation
 g - a scroll of fear
 j - 2 scrolls of amnesia
 m - 2 scrolls of torment
 q - 2 scrolls of magic mapping
 v - a scroll of vulnerability
 w - a scroll of blinking
 y - a scroll of summoning {unknown}
Potions
 b - a potion of cancellation {unknown}
 d - 3 potions of curing {unknown}
 i - a potion of magic {unknown}
 l - 3 potions of degeneration {unknown}
 p - a potion of heal wounds {unknown}
 t - 2 potions of flight
 A - 2 potions of haste {unknown}


   Skills:
 - Level 3.0 Fighting
 - Level 10.0 Dodging
 - Level 2.1 Stealth
 - Level 4.0 Spellcasting
 - Level 5.0 Conjurations
 + Level 10.2 Transmutations


You had one spell level left.
You knew the following spells:

 Your Spells              Type           Power      Damage    Failure   Level
a - Magic Dart            Conj           80%        1d7       1%          1
b - Searing Ray           Conj           40%        2d5       3%          2
c - Dragon Form           Tmut           19%        N/A       90%         7
d - Blade Hands           Tmut           19%        N/A       7%          5

Your spell library contained the following spells:

 Spells                   Type           Power      Damage    Failure   Level
 Dazzling Flash           Conj/Hex       22%        N/A       17%         3
 Ozocubu's Armour         Ice            3%         N/A       43%         3
 Portal Projectile        Hex/Tloc       6%         N/A       43%         3
 Fulminant Prism          Conj/Hex       5%         3d7       50%         4
 Iskenderun's Mystic Bla  Conj/Tloc      11%        2d4       50%         4
 Leda's Liquefaction      Hex/Erth       1%         N/A       83%         4
 Statue Form              Tmut/Erth      13%        N/A       96%         6
 Excruciating Wounds      Necr           1%         N/A       99%         5
 Metabolic Englaciation   Hex/Ice        1%         N/A       99%         5
 Simulacrum               Ice/Necr       1%         N/A       100%        6


Dungeon Overview and Level Annotations

Branches:
Dungeon (7/15)             Temple (0/1) D:5          Bailey (1/1)

Altars:
Cheibriados
Elyvilon
Kikubaaqudgha
Okawaru
Uskayaw
Yredelemnul

Shops:
D:7 *


Innate Abilities, Weirdness & Mutations

You are very nimble when in or above water. (Stealth+, EV+, Speed+++)
Your lower body shifts to a powerful aquatic tail in water.


Message History

Aim: an orc knight, wielding a +0 war axe and wearing a +0 scale mail (moderately wounded, covered in acid, 64% to hit)
The bolt of acid hits the orc knight!
The orc knight is heavily wounded.
The now-empty wand crumbles to dust.
The orc knight hits you with a +0 war axe!!
You can now pass through a line of other dancers.
Unknown command.
Unknown command.
You barely miss the orc knight.
Your tail-slap misses the orc knight.
The orc knight is heavily wounded.
The orc knight hits you with a +0 war axe!!
Aiming: Throw Flame
Press: ? - help, Shift-Dir - straight line, f/p - orc knight
Aim: an orc knight, wielding a +0 war axe and wearing a +0 scale mail (heavily wounded, covered in acid, 60% to hit)
The puff of flame hits the orc knight.
The orc knight is heavily wounded.
Unknown command.
The orc knight is no longer covered in acid.
Aiming: Throw Flame
Press: ? - help, Shift-Dir - straight line, f/p - orc knight
Aim: an orc knight, wielding a +0 war axe and wearing a +0 scale mail (heavily wounded, 60% to hit)
The puff of flame hits the orc knight but does no damage.
The orc knight is heavily wounded.
You can no longer pass through a line of other dancers.
Aiming: Throw Flame
Press: ? - help, Shift-Dir - straight line, f/p - orc knight
Aim: an orc knight, wielding a +0 war axe and wearing a +0 scale mail (heavily wounded, 60% to hit)
The puff of flame hits the orc knight but does no damage.
The orc knight is heavily wounded.
The orc knight is engulfed in a cloud of scalding steam.
The orc knight closely misses you.
Unknown command.
Aiming: Throw Flame
Press: ? - help, Shift-Dir - straight line, f/p - orc knight
Aim: an orc knight, wielding a +0 war axe and wearing a +0 scale mail (steam, heavily wounded, 60% to hit)
The puff of flame hits the orc knight.
The orc knight is heavily wounded.
The orc knight is engulfed in a cloud of scalding steam.
The orc knight hits you with a +0 war axe!!
You die...

...................##
....#########oo.....# .#'##
######..## .#..# #..# #...##
##..# ... #..# #.)..######
('..####'####..' #..)≈≈≈≈≈≈#
##.............###..≈≈≈≈≈≈##
g#..####'####.K#.o≈≈≈≈≈≈≈##
o####.......####@≈≈≈≈≈####
≈≈≈∩#...[...#∩≈≈≈≈≈####
≈≈≈≈#########≈≈≈≈###
..≈≈≈≈≈≈≈≈≈≈≈≈≈###
....≈≈≈≈≈≈≈≈(###
......))..))## ##......∩..##
###.......## ####.....##


You could see an orc knight.

Vanquished Creatures
  An orc knight (Bailey)
  A yak (D:5)
  4 orc warriors (Bailey)
  A water moccasin (D:7)
  A sky beast (D:6)
  2 black bears
  A necrophage (D:4)
  An ogre (D:4)
  A phantom (D:4)
  A scorpion (D:4)
  A water moccasin zombie (D:5)
  A howler monkey (D:6)
  2 orc priests (D:5)
  3 bullfrog skeletons
  2 hounds
  6 iguanas
  A centaur skeleton (D:4)
  A scorpion zombie (D:5)
  3 orc wizards
  2 killer bee zombies
  A hound skeleton (D:5)
  Robin (D:4)
  9 adders
  A shadow imp (D:5)
  2 white imps (D:6)
  An ufetubus (D:5)
  An adder zombie (D:5)
  2 worms (D:2)
  4 dart slugs
  12 orcs
  4 endoplasms
  4 giant cockroaches
  33 goblins
  16 hobgoblins
  7 jackals (D:2)
  5 quokkas
  8 ball pythons
  7 bats
  7 frilled lizards
  18 kobolds
  3 rats
182 creatures vanquished.

Notes
Turn   | Place    | Note
-------+----------+-------------------------------------------
     0 | D:1      | sanka the Merfolk Conjurer began the quest for the Orb.
     0 | D:1      | Reached XP level 1. HP: 13/13 MP: 3/3
   440 | D:1      | Reached XP level 2. HP: 19/19 MP: 0/5
   822 | D:1      | Learned a level 2 spell: Searing Ray
  1126 | D:1      | Reached XP level 3. HP: 24/24 MP: 3/6
  1830 | D:2      | Reached XP level 4. HP: 30/30 MP: 3/7
  2647 | D:2      | Reached skill level 5 in Conjurations
  3146 | D:3      | Found a faded altar of an unknown god.
  3146 | D:3      | Found an iron altar of Okawaru.
  3162 | D:3      | Prayed at the altar of an unknown god.
  3162 | D:3      | Became a worshipper of Uskayaw the Reveller
  3162 | D:3      | Reached * piety under Uskayaw
  3338 | D:3      | Got the Disquisition on Enchantment and Transformation
  3464 | D:3      | Reached XP level 5. HP: 36/36 MP: 6/8
  3768 | D:3      | Found a basalt altar of Yredelemnul.
  3818 | D:3      | Reached skill level 1 in Fighting
  4096 | D:3      | Found a white marble altar of Elyvilon.
  4190 | D:4      | Reached ** piety under Uskayaw
  4559 | D:4      | Reached XP level 6. HP: 22/46 MP: 1/9
  4764 | D:4      | Noticed a necrophage
  4769 | D:4      | Reached *** piety under Uskayaw
  4770 | D:4      | Killed a necrophage
  4771 | D:4      | Reached skill level 5 in Dodging
  5125 | D:4      | Noticed Robin
  5143 | D:4      | Killed Robin
  5737 | D:4      | Reached XP level 7. HP: 52/52 MP: 6/10
  5924 | D:4      | Learned a level 7 spell: Dragon Form
  6434 | D:5      | Entered Level 5 of the Dungeon
  6842 | D:5      | Noticed a yak
  7026 | D:5      | Killed a yak
  7027 | D:5      | Reached XP level 8. HP: 37/58 MP: 1/12
  7151 | D:5      | Found an ancient bone altar of Kikubaaqudgha.
  7153 | D:5      | Found a snail-covered altar of Cheibriados.
  7214 | D:5      | Found a staircase to the Ecumenical Temple.
  7918 | D:5      | Learned a level 5 spell: Blade Hands
  8111 | D:6      | Reached skill level 1 in Transmutations
  8214 | D:6      | Reached skill level 10 in Dodging
  8261 | D:6      | Found a hide-covered altar of Uskayaw.
  8782 | D:6      | Reached skill level 5 in Transmutations
  9203 | D:7      | Found Ucramo Vutea's Lightly-Used Armoury.
  9363 | D:7      | Reached XP level 9. HP: 25/63 MP: 5/15
  9441 | D:7      | Found a flagged portal.
  9627 | Bailey   | Entered a bailey
  9648 | Bailey   | Noticed an orc knight
  9703 | Bailey   | Noticed an orc knight
  9773 | Bailey   | Killed an orc knight
  9774 | Bailey   | Reached **** piety under Uskayaw
  9780 | Bailey   | Reached ***** piety under Uskayaw
 10307 | Bailey   | Reached skill level 10 in Transmutations
 10640 | Bailey   | Slain by an orc knight

Illustrated notes

Levels and vault maps discovered:
D:1:      ncdulo_watergridlock, layout_basic, grunt_decor_clamped
D:2:      minmay_alternating_diamond, layout_basic
D:3:      layout_loops_ring, kennysheep_ying_yang, okawaru_trees_1,
          hellmonk_ecumenical_altar_run_dry
D:4:      layout_basic, serial_corexii_hall, corexii_hall_statues_i,
          corexii_hall_statues_x, chequers_hall_statues_wall_a,
          chequers_hall_statues_y, minmay_ogre_servants, uniq_robin
D:5:      layout_rooms, jmf_multi_god_temple, minmay_temple_entry_nine_rooms
D:6:      layout_loops_ring, mainiacjoe_overflow_alcove_1
D:7:      layout_cave_pools, cheibrodos_ashenzari_chains, enter_bailey_3,
          dk_vineyard_3, minmay_shop_damaged, grunt_ministairs_14,
          eino_curves_01, hangedman_decor_clover_reticule, st_stairs_10
Bailey:   bailey_axe_4, bailey

Skill      XL: |  1  2  3  4  5  6  7  8  9 |
---------------+----------------------------+-----
Conjurations   | 4 5 |  5.0
Dodging        | 4 6 9 10 | 10.0
Fighting       | 2 3 |  3.0
Spellcasting   | 3 4 |  4.0
Transmutations | 6 10 | 10.2
Stealth        | |  2.1

Action                   |  1- 3 |  4- 6 |  7- 9 || total
-------------------------+-------+-------+-------++-------
Melee: Unarmed           |     7 |       |     3 ||    10
       Short sword       |    24 |    59 |   166 ||   249
       Punch             |       |       |     1 ||     1
       Tailslap          |       |       |    11 ||    11
 Cast: Magic Dart        |    67 |   152 |   121 ||   340
       Searing Ray       |       |     6 |    30 ||    36
Evoke: Wand              |       |       |    18 ||    18
  Use: Scroll            |       |       |     8 ||     8
 Stab: Paralysed         |       |     1 |     3 ||     4
       Sleeping          |       |     1 |       ||     1
Armor: Robe              |     5 |    17 |    42 ||    64
       Skin              |       |       |     1 ||     1
Dodge: Dodged            |    26 |    28 |   218 ||   272
